cohdb
Replays
Latest Replays
All Replays
Popular Replays
Top Player Replays
Match Explorer
How It Works
Community
CoH3 Stats
Reddit
Sign in to upload your games and track your stats! →
Sign in with Steam
Match 43644533
Unlisted
Match 43644533
Overview
Messages
Build Orders
End
Selects Terror Battlegroup
Construct Infanterie Kompanie
Kettenkrad Recon Vehicle
Grenadier Squad
MG 42 Machine Gun Team
Grenadier Squad
Construct Luftwaffe Kompanie
Construct Luftwaffe Kompanie
221 Scout Car
GrW 34 Mortar Team
Pioneer Squad
Luftwaffe Officer Quarters
Flak 30 Anti-aircraft Gun Team
Support Elements
Selects Heavy Gunnery
Selects Defend the Fatherland
Marder III M Tank Destroyer
Medical Bunker
Marder III M Tank Destroyer
Selects Interrogate
Selects Propaganda Leaflet Drop
Propaganda Leaflet Drop
Construct Panzer Kompanie
Stoßtruppen Squad
Panzer IV Medium Tank
Selects V1 Rocket Strike
Propaganda Leaflet Drop
V1 Rocket Strike
Dahlian
[82AD] PaulVmax
JohnstyPonst
Warris LeBad
Mystery
kim
0
0
Comments
sign in to comment!
No comments posted yet!